 Dungeon Crawl Stone Soup version 0.29-a0-234-g0dae59b3db (webtiles) character file.

Game seed: 554420990359768205

490 dolemite99 the Spear-Bearer (level 7, -1/50 HPs)
             Began as a Merfolk Gladiator on Mar 4, 2022.
             Was a Priest of Wu Jian.
             Slain by Prince Ribbit (14 damage)
             ... on level 5 of the Dungeon.
             The game lasted 00:05:51 (5485 turns).

dolemite99 the Spear-Bearer (Merfolk Gladiator)     Turns: 5485, Time: 00:05:52

Health: -1/50      AC:  7    Str: 16    XL:     7   Next: 14%
Magic:  7/7        EV: 12    Int:  7    God:    Wu Jian [***...]
Gold:   197        SH:  0    Dex: 16    Spells: 6/6 levels left

rFire   + . .      SeeInvis .   a - +2 trident (protect)
rCold   . . .      Faith    .   (no shield)
rNeg    . . .      Spirit   .   t - +0 ring mail
rPois   .          Reflect  .   c - +0 helmet
rElec   .          Harm     .   (no cloak)
rCorr   .          Rampage  .   (no gloves)
Will    .....                   j - +0 pair of boots
Stlth   +.........              g - amulet of Descent {RegenMP rF+}
HPRegen 0.16/turn               (no ring)
MPRegen 0.50/turn               (no ring)

@: studying Air Magic
A: (nimble swimmer 2), mertail
a: Renounce Religion, Wall Jump, Serpent's Lash


You were on level 5 of the Dungeon.
You worshipped Wu Jian.
Wu Jian was most pleased with you.
You visited 1 branch of the dungeon, and saw 5 of its levels.

You collected 197 gold pieces.

Inventory:

Hand Weapons
 a - a +2 trident of protection (weapon)
 b - a +0 fustibalus
 k - a +0 trident
Missiles
 d - 5 throwing nets
 e - 8 boomerangs
 n - 71 stones
Armour
 c - a +0 helmet (worn)
 f - a +0 leather armour
 j - a +0 pair of boots (worn)
 l - a +0 pair of boots
 t - a +0 ring mail (worn)
 v - an orb of guile
Jewellery
 g - the amulet of Descent (around neck) {RegenMP rF+}
   (You acquired it on level 4 of the Dungeon)

   [amulet of magic regeneration]

   It increases your rate of magic regeneration.
   rF:        It protects you from fire.
 i - a ring of see invisible
Wands
 m - a wand of mindburst (4) (quivered)
Potions
 h - a potion of invisibility
 o - a potion of heal wounds
 p - a potion of flight
 u - a potion of degeneration
 w - a potion of lignification {unknown}


   Skills:
 - Level 2.1 Fighting
 + Level 10.3 Polearms
 - Level 2.0 Throwing
 - Level 4.0 Dodging


You had 6 spell levels left.
You didn't know any spells.
Your spell library contained the following spells:

 Spells                   Type           Power      Damage    Failure   Level
 Foxfire                  Conj/Fire      0%         2x1d4     65%         1
 Conjure Flame            Conj/Fire      0%         6-21      95%         3
 Inner Flame              Hex/Fire       0%         N/A       95%         3
 Flame Wave               Conj/Fire      0%         2d4       100%        4


Dungeon Overview and Level Annotations

Branches:
Dungeon (5/15)             Temple (0/1) D:4

Altars:
Wu Jian

Shops:
D:1 (

Annotations:
D:5 Prince Ribbit


Innate Abilities, Weirdness & Mutations

((You are very nimble when in or above water. (Stealth+, EV+, Speed+++)))
Your lower body shifts to a powerful aquatic tail in water.


Message History

Prince Ribbit misses you.
You miss Prince Ribbit.
Prince Ribbit is severely wounded.
Prince Ribbit hits you.
You hit Prince Ribbit.
Prince Ribbit is almost dead.
Prince Ribbit lets out a mournful croak.
Prince Ribbit misses you. x2
You miss Prince Ribbit.
Prince Ribbit is almost dead.
Prince Ribbit blinks!
Aiming: Mindburst
Press: ? - help, Shift-Dir - straight line, f/p - Prince Ribbit
Aim: Prince Ribbit (almost dead, chance to affect: 47%) Prince Ribbit resists with some effort.
Prince Ribbit says, "You're just another fly to me."
Aiming: Mindburst
Press: ? - help, Shift-Dir - straight line, f/p - Prince Ribbit
Aim: Prince Ribbit (almost dead, chance to affect: 47%) Prince Ribbit resists with some effort.
Prince Ribbit blinks!
Aiming: Mindburst
Press: ? - help, Shift-Dir - straight line, f/p - Prince Ribbit
Aim: Prince Ribbit (almost dead, chance to affect: 47%) Prince Ribbit resists with some effort.
Aiming: Mindburst
Press: ? - help, Shift-Dir - straight line, f/p - Prince Ribbit
Aim: Prince Ribbit (almost dead, chance to affect: 47%) Prince Ribbit resists with some effort.
Prince Ribbit hits you.
* * * LOW HITPOINT WARNING * * *
You barely miss Prince Ribbit.
Prince Ribbit is almost dead.
Prince Ribbit barely misses you.
You closely miss Prince Ribbit.
Prince Ribbit is almost dead.
Prince Ribbit barely misses you.
You closely miss Prince Ribbit.
Prince Ribbit is almost dead.
Prince Ribbit hops awkwardly around.
Prince Ribbit hits you!
You die...

..................
.
#.................
.
#.................
.
#..........[......
#.................
#.................
#.<...............
##........)....###
#.......#@F...##
#.#######.##### #.
#.# . ..# . ####
#.


You could see Prince Ribbit.

Vanquished Creatures
  An ogre (D:5)
  A phantom (D:5)
  2 iguanas (D:4)
  A mummy (D:4)
  12 adders
  7 gnolls
  An ufetubus (D:4)
  A worm (D:2)
  An orc (D:4)
  6 bats
  4 endoplasms
  2 giant cockroaches
  14 hobgoblins
  2 jackals (D:3)
  4 ball pythons
  7 frilled lizards
  10 goblins
  A goblin zombie (D:4)
  6 kobolds
  A kobold zombie (D:4)
  5 rats
89 creatures vanquished.

Notes
Turn   | Place    | Note
-------+----------+-------------------------------------------
     0 | D:1      | dolemite99 the Merfolk Gladiator began the quest for the
                  | Orb.
     0 | D:1      | Reached XP level 1. HP: 16/16 MP: 1/1
   252 | D:1      | Reached XP level 2. HP: 22/22 MP: 2/2
   387 | D:1      | Reached skill level 5 in Polearms
   390 | D:1      | Found a faded altar of an unknown god.
   404 | D:1      | Prayed at the altar of an unknown god.
   404 | D:1      | Became a worshipper of the Wu Jian Council
   404 | D:1      | Reached * piety under Wu Jian
   460 | D:1      | Found Seli Veseck's Weapon Boutique.
  1107 | D:2      | Reached XP level 3. HP: 27/27 MP: 3/3
  1506 | D:2      | Reached skill level 6 in Polearms
  2005 | D:2      | Reached XP level 4. HP: 33/33 MP: 4/4
  2314 | D:2      | Reached ** piety under Wu Jian
  2315 | D:2      | Reached skill level 7 in Polearms
  2568 | D:3      | Reached XP level 5. HP: 29/38 MP: 5/5
  2686 | D:3      | You fall into a shaft and drop 2 floors!
  2686 | D:5      | Entered Level 5 of the Dungeon
  2691 | D:5      | Noticed an ogre
  3099 | D:4      | Reached skill level 8 in Polearms
  3291 | D:4      | Identified a scroll of acquirement
  3295 | D:4      | Acquired the amulet of Descent {RegenMP rF+}
  3389 | D:4      | Reached XP level 6. HP: 15/44 MP: 6/6
  3836 | D:4      | Reached skill level 9 in Polearms
  3971 | D:4      | Found a staircase to the Ecumenical Temple.
  4037 | D:4      | Reached *** piety under Wu Jian
  5457 | D:5      | Noticed Prince Ribbit
  5462 | D:5      | Reached skill level 10 in Polearms
  5462 | D:5      | Reached XP level 7. HP: 50/50 MP: 7/7
  5485 | D:5      | Slain by Prince Ribbit

Illustrated notes

Levels and vault maps discovered:
D:1:      elethiomel_arrival_infinity_welcomes_careful_drivers,
          layout_loops_ring, serial_shops, nicolae_shop_waterfront,
          chequers_ecumenical_altar_simple, minmay_pentomino_p2
D:2:      layout_loops_ring, glass_columns_a
D:3:      layout_basic, hangedman_decor_lopped, chequers_avenue
D:4:      layout_basic, temple_pool_b, nicolae_ossuary_entry_giza,
          kennysheep_opposing_triangles
D:5:      layout_rooms, nicolae_concentric_dashed_squares_wild,
          uniq_prince_ribbit1

Skill      XL: |  1  2  3  4  5  6 |
---------------+-------------------+-----
Polearms       | 5 6 7 8 10 | 10.3
Fighting       | |  2.1
Throwing       | |  2.0
Dodging        | |  4.0

Action                   |  1- 3 |  4- 6 |  7- 9 || total
-------------------------+-------+-------+-------++-------
Melee: Trident           |    85 |   223 |    18 ||   326
       Punch             |       |     1 |       ||     1
 Fire: Fustibalus        |     4 |       |       ||     4
Invok: Lunge             |     2 |     3 |       ||     5
       Whirlwind         |       |    12 |       ||    12
 Abil: Wall Jump         |       |     1 |       ||     1
Evoke: Wand              |       |     3 |     6 ||     9
  Use: Potion            |     1 |       |       ||     1
       Scroll            |       |    10 |       ||    10
 Stab: Sleeping          |     3 |       |       ||     3
Armor: Leather armour    |    15 |    27 |       ||    42
       Ring mail         |       |    19 |     4 ||    23
Dodge: Dodged            |    40 |    92 |     8 ||   140

Table legend: (Time is in decaauts)
 A = Elapsed time spent in this place.
 B = Non-inter-level travel time spent in this place.
 C = Inter-level travel time spent in this place.
 D = Time resting spent in this place.
 E = Time spent auto-exploring this place.
 F = Levels seen in this place.
 G = Mean time per level.
                   A        B        C        D        E       F      G
               +--------+--------+--------+--------+--------+-----+--------+
         Total |   5447 |   5294 |    153 |   2206 |   2260 |   5 | 1089.4 |
       Dungeon |   5447 |   5294 |    153 |   2206 |   2260 |   5 | 1089.4 |
               +--------+--------+--------+--------+--------+-----+--------+

Top non-repeatable levels by time:
     D:4: 1803 daAuts
     D:2: 1417 daAuts
     D:1: 1071 daAuts
     D:3: 1041 daAuts
     D:5: 113 daAuts
